 Dungeon Crawl Stone Soup version 0.15.1-4-gac8487e (webtiles) character file.

207 Johnny the Chiller (level 5, 0/41 HPs)
             Began as a Demigod Ice Elementalist on Oct 14, 2014.
             Killed from afar by an orc wizard (8 damage)
             ... with a magic dart
             ... on Level 3 of the Dungeon.
             The game lasted 00:06:06 (3056 turns).

Johnny the Chiller (Demigod Ice Elementalist)       Turns: 3056, Time: 00:06:06

HP   0/41        AC  2     Str 12      XL: 5   Next: 29%
MP   1/13        EV 11     Int 21      God:
Gold 91          SH  0     Dex 16      Spells:  2 memorised,  4 levels left

rFire  . . .     SeeInvis .     u - +3 whip
rCold  . . .     Clarity  .     a - +0 robe
rNeg   . . .     rCorr    .     (no shield)
rPois  .         rRot     .     (no helmet)
rElec  .         Spirit   .     (no cloak)
SustAb .         Warding  .     (no gloves)
rMut   .         Stasis   .     (no boots)
Gourm  .                        (no amulet)
MR     .....                    (no ring)
                                (no ring)

@: heavily drained, not resistant to hostile enchantments, very unstealthy
A: no striking features
a: no special abilities


You were on level 3 of the Dungeon.
You were not hungry.

You visited 1 branch of the dungeon, and saw 3 of its levels.

You collected 91 gold pieces.

Inventory:

Hand weapons
 u - a +3 whip (weapon)
Missiles
 w - 7 javelins (quivered)
Armour
 a - a +0 robe (worn)
Comestibles
 c - 4 bread rations
 o - a slice of pizza
Scrolls
 h - a scroll of amnesia {unknown}
 m - a scroll of random uselessness {unknown}
 p - a scroll of remove curse
 r - a scroll of fear {unknown}
 s - a scroll of immolation {unknown}
Jewellery
 v - an uncursed amulet of stasis
Potions
 d - a potion of confusion
 f - a potion of restore abilities
 g - a potion of resistance
 k - a potion of curing
 q - 2 potions of agility
Books
 b - a book of Frost

   Spells                             Type                      Level
   *Freeze                            Ice                          1
   Throw Frost                        Conjuration/Ice              2
   Ozocubu's Armour                   Charms/Ice                   3
   Throw Icicle                       Conjuration/Ice              4
   *Summon Ice Beast                  Ice/Summoning                4
   Condensation Shield                Ice                          4


   Skills:
 * Level 1.9(0.0) Fighting
 + Level 1.4(0.0) Armour
 + Level 2.2(0.0) Dodging
 + Level 2.3(0.0) Stealth
 * Level 2.8(0.4) Spellcasting
   Level 0.8(0.0) Conjurations
 * Level 0.8(0.0) Summonings
 * Level 3.5(1.0) Ice Magic


You had 4 spell levels left.
You knew the following spells:

 Your Spells              Type           Power        Failure   Level  Hunger
a - Freeze                Ice            #...         12%         1    ##.....
b - Summon Ice Beast      Ice/Summ       #.......     97%         4    #####..


Dungeon Overview and Level Annotations

Branches:
Dungeon (3/15)


Message History

You hear some strange, mumbled words.
You are confused.
Unknown command.
Something completely misses you.
Things that are here:
a flail; a ring mail; a trident Ouch!
Something hits you but does no damage.
You feel drained.
Ouch! You feel less confused. Something hits you but does no damage.
You feel drained.
You miss something. Something hits you.
You feel drained.
You hit something but do no damage. Something hits you.
You feel drained. Something hits you.
* * * LOW HITPOINT WARNING * * *
You feel drained.
* * * LOW HITPOINT WARNING * * *
You miss something.
You hear some strange, mumbled words.
The magic dart hits you!
You die...

#. #. .# ##.P
.# #... ..#
#...####..#
#o........#
#..o......#
#))# # #@##
######.###)##
............#
###########.#
#.# #.# #.#
#.# #.#


There were no monsters in sight!

Vanquished Creatures
  2 orc wizards (D:3)
  5 adders
  6 worms (D:2)
  7 giant geckos
  2 oozes
  2 orcs (D:3)
  2 giant cockroaches (D:2)
  8 hobgoblins
  4 jackals (D:2)
  2 quokkas (D:2)
  8 bats
  A giant newt (D:2)
  8 goblins
  9 kobolds
  9 rats
75 creatures vanquished.

Notes
Turn   | Place    | Note
--------------------------------------------------------------
     0 | D:1      | Johnny, the Demigod Ice Elementalist, began the quest for the Orb.
     0 | D:1      | Reached XP level 1. HP: 14/14 MP: 3/3
   203 | D:1      | Reached XP level 2. HP: 5/22 MP: 2/5
   655 | D:2      | Reached skill level 3 in Ice Magic
   736 | D:2      | Reached skill level 1 in Armour
   795 | D:2      | Reached XP level 3. HP: 6/27 MP: 0/8
  1181 | D:2      | Reached skill level 1 in Fighting
  1387 | D:2      | Reached XP level 4. HP: 23/35 MP: 10/10
  1393 | D:2      | Learned a level 4 spell: Summon Ice Beast
  3033 | D:3      | Reached XP level 5. HP: 39/41 MP: 8/12
  3056 | D:3      | Killed from afar by an orc wizard

Action                   |  1- 3 |  4- 6 || total
-------------------------+-------+-------++-------
Melee: Dagger            |    57 |       ||    57
       Short sword       |     6 |       ||     6
       Whip              |    38 |    58 ||    96
Throw: Javelin           |       |     3 ||     3
 Cast: Freeze            |    40 |    47 ||    87
  Use: Potion            |     1 |     2 ||     3
       Scroll            |       |     6 ||     6
 Stab: Sleeping          |     2 |       ||     2
  Eat: Chunk             |     2 |     2 ||     4
       Royal jelly       |       |     1 ||     1
       Beef jerky        |       |     1 ||     1
